 Dungeon Crawl Stone Soup version 0.27-a0-773-gaaee5cf45b (webtiles) character file.

Game seed: 5875849819996354565

4 pistachioham the Conjurer (level 1, 0/10 HPs)
             Began as a Deep Elf Conjurer on Mar 25, 2021.
             Slain by a giant cockroach (1 damage)
             ... on level 1 of the Dungeon.
             The game lasted 00:01:01 (59 turns).

pistachioham the Conjurer (Deep Elf Conjurer)         Turns: 59, Time: 00:01:01

Health: 0/10       AC:  2    Str:  4    XL:     1   Next: 58%
Magic:  0/6        EV: 12    Int: 22    God:
Gold:   0          SH:  0    Dex: 13    Spells: 5/6 levels left

rFire    . . .     SeeInvis .   (no weapon)
rCold    . . .     Faith    .   (no shield)
rNeg     . . .     Spirit   .   a - +0 robe
rPois    .         Reflect  .   (no helmet)
rElec    .         Harm     .   (no cloak)
rCorr    .         Rampage  .   (no gloves)
Will     .....                  (no boots)
Stlth    ++........             (no amulet)
HPRegen  0.03/turn              (no ring)
MPRegen  0.10/turn              (no ring)

@: no status effects
A: no striking features
a: no special abilities


You were on level 1 of the Dungeon.
You visited 1 branch of the dungeon, and saw 1 of its levels.

Inventory:

Armour
 a - a +0 robe (worn)
Scrolls
 b - a scroll of silence {unknown}


   Skills:
 - Level 2.4 Dodging
 - Level 2.4 Stealth
 + Level 3.2 Spellcasting
 * Level 4.6 Conjurations


You had 5 spell levels left.
You knew the following spells:

 Your Spells              Type           Power      Damage    Failure   Level
a - Magic Dart            Conj           92%        1d7       1%          1

Your spell library contained the following spells:

 Spells                   Type           Power      Damage    Failure   Level
 Searing Ray              Conj           46%        3d4       2%          2
 Dazzling Flash           Conj/Hex       26%        N/A       14%         3
 Fulminant Prism          Conj/Hex       6%         3d7       43%         4
 Iskenderun's Mystic Bla  Conj/Tloc      13%        2d5       43%         4


Dungeon Overview and Level Annotations

Branches:
Dungeon (1/15)

Altars:


Message History

Press: ? - help, Shift-Dir - straight line, f - rat
Aim: a rat (0% to evade)
The magic dart hits the rat.
You kill the rat!
An endoplasm is nearby!
A giant cockroach comes into view.
Found 13 gold pieces.
The giant cockroach bites you but does no damage.
Found 13 arrows.
A goblin comes into view. It is wielding a +0 dagger.
The giant cockroach bites you.
* * * LOW HITPOINT WARNING * * *
The goblin shouts!
You hear an angry hiss.
A frilled lizard comes into view.
You closely miss the goblin. The giant cockroach barely misses you.
Casting: Magic Dart (safe; 1% risk of failure)
Confirm with . or Enter, or press ? or * to list all spells.
Aiming: Magic Dart (safe; 1% risk of failure)
Press: ? - help, Shift-Dir - straight line, f - goblin
Aim: a goblin, wielding a +0 dagger (0% to evade)
The magic dart hits the goblin.
The goblin is severely wounded.
The goblin barely misses you. The giant cockroach bites you.
* * * LOW HITPOINT WARNING * * *
Casting: Magic Dart (safe; 1% risk of failure)
Confirm with . or Enter, or press ? or * to list all spells.
Aiming: Magic Dart (safe; 1% risk of failure)
Press: ? - help, Shift-Dir - straight line, f/p - goblin
Aim: a goblin, wielding a +0 dagger (severely wounded, 0% to evade)
The magic dart hits the goblin.
You kill the goblin!
The giant cockroach closely misses you.
A kobold comes into view. It is wielding a +0 whip.
You closely miss the frilled lizard.
The giant cockroach bites you but does no damage.
The frilled lizard misses you.
The kobold shouts!
You hit the frilled lizard but do no damage.
The giant cockroach bites you.
You die...

# ## . .# . .. #K .#
##.### #. ###.##
....!. ....... ≈≈P.P≈
.#(.. ≈≈≈.≈≈ ...
≈≈≈.≈≈≈≈.# #l##
≈≈≈.≈≈≈≈.# #@.#
≈≈≈.≈≈≈≈.# ##B###
≈≈≈.≈≈≈≈.# #..$.#
≈≈≈.≈≈≈≈.# ###J...#
≈≈≈.≈≈≈≈.# ###......#
≈≈≈.≈≈≈≈.###...#....#
≈≈...≈≈P.....###..$.#
..........#### #....#
...<......# ######


You could see a giant cockroach, a kobold and a frilled lizard.

Vanquished Creatures
  A goblin (D:1)
  A hobgoblin (D:1)
  A quokka (D:1)
  A rat (D:1)
4 creatures vanquished.

Notes
Turn   | Place    | Note
-------+----------+-------------------------------------------
     0 | D:1      | pistachioham the Deep Elf Conjurer began the quest for the
                  | Orb.
     0 | D:1      | Reached XP level 1. HP: 10/10 MP: 6/6
    59 | D:1      | Slain by a giant cockroach

Illustrated notes

Levels and vault maps discovered:
D:1:      giann_bridges, layout_rooms

Action                   || total
-------------------------++-------
Melee: Unarmed           ||     4
 Cast: Magic Dart        ||    10
Armor: Robe              ||     2
Dodge: Dodged            ||     6

Table legend: (Time is in decaauts)
 A = Elapsed time spent in this place.
 B = Non-inter-level travel time spent in this place.
 C = Inter-level travel time spent in this place.
 D = Time resting spent in this place.
 E = Time spent auto-exploring this place.
 F = Levels seen in this place.
 G = Mean time per level.
                   A        B        C        D        E       F      G
               +--------+--------+--------+--------+--------+-----+--------+
         Total |     59 |     59 |      0 |      0 |      0 |   1 |   59.0 |
       Dungeon |     59 |     59 |      0 |      0 |      0 |   1 |   59.0 |
               +--------+--------+--------+--------+--------+-----+--------+

Top non-repeatable levels by time:
     D:1: 59 daAuts
